 Dungeon Crawl Stone Soup version 0.28-a0-697-g47f3eba078 (webtiles) character file.

Game seed: 13133529031048399780

2030 ytrimaz the Summoner (level 9, -8/57 HPs)
             Began as a Merfolk Summoner on Oct 23, 2021.
             Killed from afar by a steam dragon (24 damage)
             ... with a ball of steam
             ... on level 7 of the Dungeon.
             The game lasted 00:16:40 (7337 turns).

ytrimaz the Summoner (Merfolk Summoner)             Turns: 7337, Time: 00:16:41

Health: -8/57      AC: 11    Str:  9    XL:     9   Next: 23%
Magic:  13/19      EV: 12    Int: 17    God:
Gold:   311        SH:  0    Dex: 14    Spells: 16/21 levels left

rFire   . . .      SeeInvis .   d - +4 whip (elec)
rCold   . . .      Faith    .   (no shield)
rNeg    . . .      Spirit   .   a - +0 robe
rPois   .          Reflect  .   (no helmet)
rElec   .          Harm     .   (no cloak)
rCorr   .          Rampage  .   (no gloves)
Will    .....                   t - +0 pair of boots
Stlth   ++........              s - amulet of regeneration
HPRegen 1.19/turn               b - +4 ring of protection
MPRegen 0.16/turn               e - +4 ring of protection

@: no status effects
A: (nimble swimmer 2), mertail
a: no special abilities


You were on level 7 of the Dungeon.
You visited 1 branch of the dungeon, and saw 7 of its levels.

You collected 311 gold pieces.

Inventory:

Hand Weapons
 d - a +4 whip of electrocution (weapon)
Missiles
 f - 2 throwing nets
Armour
 a - a +0 robe (worn)
 t - a +0 pair of boots (worn)
Jewellery
 b - a +4 ring of protection (left hand)
 c - a +4 ring of evasion
 e - a +4 ring of protection (right hand)
 k - a +4 ring of evasion
 s - an amulet of regeneration (around neck)
Wands
 o - a wand of mindburst (9)
 q - a wand of paralysis (3)
 x - a wand of acid (7)
Scrolls
 i - a scroll of teleportation
 m - a scroll of blinking
 u - a scroll of vulnerability
Potions
 g - a potion of heal wounds
 h - 4 potions of curing
 j - 5 potions of magic
 l - a potion of resistance
 n - 2 potions of brilliance
 p - a potion of lignification
 r - a potion of flight
 v - a potion of cancellation {unknown}
 w - a potion of attraction {unknown}


   Skills:
 * Level 5.4 Maces & Flails
 - Level 2.6 Dodging
 - Level 2.1 Stealth
 + Level 6.6 Spellcasting
 + Level 8.0 Summonings


You had 16 spell levels left.
You knew the following spells:

 Your Spells              Type           Power      Damage    Failure   Level
a - Call Imp              Summ           32%        N/A       1%          2
b - Call Canine Familiar  Summ           32%        N/A       1%          3

Your spell library contained the following spells:

 Spells                   Type           Power      Damage    Failure   Level
 Summon Small Mammal      Summ           100%       N/A       1%          1
 Summon Guardian Golem    Hex/Summ       19%        N/A       7%          3
 Summon Lightning Spire   Summ/Air       19%        N/A       22%         4
 Ignite Poison            Fire/Tmut/Pois 5%         N/A       34%         3
 Mephitic Cloud           Conj/Pois/Air  5%         N/A       34%         3
 Ozocubu's Armour         Ice            5%         N/A       34%         3
 Freezing Cloud           Conj/Ice/Air   2%         6-21      97%         5
 Ozocubu's Refrigeration  Ice            2%         4d5       100%        7


Dungeon Overview and Level Annotations

Branches:
Dungeon (7/15)
 Temple: D:4-7

Altars:
Fedhas
Makhleb
Ru
Yredelemnul

Shops:
D:4 :


Innate Abilities, Weirdness & Mutations

((You are quick and stealthy near water. (Stealth+, EV+, Speed+++)))
Your lower body shifts to a powerful aquatic tail in water.


Message History

The steam dragon is heavily wounded.
The steam dragon bites you but does no damage.
The steam dragon claws you.
Your hound misses the steam dragon.
Your crimson imp closely misses the steam dragon.
Unknown command.
You closely miss the steam dragon.
The steam dragon is heavily wounded.
Your hound bites the steam dragon but does no damage.
The steam dragon breathes steam at your hound.
The ball of steam hits your hound!
Your hound dies!
Your hound's corpse disappears in a puff of smoke!
Your crimson imp hits the steam dragon.
You hit the steam dragon.
The steam dragon is severely wounded.
The steam dragon bites you. The steam dragon claws you.
Casting: Call Imp (safe; 1% risk of failure)
Confirm with . or Enter, or press ? or * to list all spells.
Your crimson imp blinks!
The steam dragon bites you. The steam dragon misses you.
A centaur skeleton comes into view.
You closely miss the steam dragon.
The steam dragon is severely wounded.
You are engulfed in a cloud of scalding steam.
Your hound bites the steam dragon but does no damage.
The steam dragon bites you!
* * * LOW HITPOINT WARNING * * *
The steam dragon misses you.
The centaur skeleton is engulfed in a cloud of scalding steam.
Unknown command.
Your hound bites the steam dragon but does no damage.
Your crimson imp blinks!
The centaur skeleton hits you but does no damage.
The centaur skeleton closely misses you.
The centaur skeleton hits you.
* * * LOW HITPOINT WARNING * * *
The centaur skeleton closely misses you.
The steam dragon breathes steam at you. The ball of steam hits you!!
You die...

.......)....#.....###
#.......#...##......
...#............#####
...##.#....<....#..
..######........#.#
#..# ##........#.#
#.## #.......§§#.# # #
# ##.......§#.#.#...#
............§@....._..
..##.#...>.DZ#.#.#...#
####....h.#.# # #
#.....5.#.#
#.......#.#
#.......#..
...#.....###
...#.###.. .# #. ..


You could see a steam dragon (catching breath, ally target), a centaur skeleton,
a friendly hound (summoned) and a friendly crimson imp (summoned).

Vanquished Creatures
  An orc warrior (D:6)
  A necrophage (D:3)
  2 centaurs (D:7)
  A phantom (D:5)
  A bullfrog (D:6)
  A scorpion (D:4)
  A centaur zombie (D:5)
  A bullfrog zombie (D:5)
  2 hounds (D:5)
  An orc priest (D:6)
  A centaur skeleton (D:7)
  2 iguanas (D:6)
  Natasha (D:2)
  A hound skeleton (D:5)
  6 gnolls
  4 adders
  A white imp (D:6)
  A worm (D:4)
  2 dart slugs
  3 orcs
  3 endoplasms
  2 giant cockroaches
  4 goblins
  6 hobgoblins
  6 kobolds
  A quokka (D:3)
  6 ball pythons
  A bat (D:2)
  2 frilled lizards
  4 rats
69 creatures vanquished.

Vanquished Creatures (collateral kills)
  2 water moccasins (D:5)
  An orc warrior (D:6)
  2 ogres
  A bullfrog (D:6)
  A wyvern zombie (D:4)
  2 scorpions
  A bullfrog skeleton (D:7)
  2 hounds
  2 jellies (D:6)
  2 iguanas
  An orc wizard (D:7)
  A centaur skeleton (D:6)
  A scorpion zombie (D:5)
  Natasha (D:2)
  2 gnolls
  2 adders
  A worm (D:4)
  6 orcs
  4 endoplasms
  5 goblins
  A hobgoblin (D:4)
  A kobold (D:2)
  3 quokkas
  A ball python (D:3)
  2 bats (D:1)
  A rat (D:3)
49 creatures vanquished.

Vanquished Creatures (others)
  3 fungi (D:6)
3 creatures vanquished.

Grand Total: 121 creatures vanquished

Notes
Turn   | Place    | Note
-------+----------+-------------------------------------------
     0 | D:1      | ytrimaz the Merfolk Summoner began the quest for the Orb.
     0 | D:1      | Reached XP level 1. HP: 13/13 MP: 3/3
   264 | D:2      | Reached XP level 2. HP: 16/19 MP: 5/5
   404 | D:2      | Found a faded altar of an unknown god.
   510 | D:1      | Reached XP level 3. HP: 17/24 MP: 2/6
   830 | D:1      | Learned a level 3 spell: Call Canine Familiar
  1433 | D:1      | Reached skill level 1 in Maces & Flails
  1785 | D:2      | Noticed Natasha
  1882 | D:2      | Killed Natasha
  1883 | D:2      | Reached XP level 4. HP: 21/30 MP: 3/8
  2125 | D:2      | Noticed Natasha
  2137 | D:2      | Killed Natasha
  2167 | D:2      | Reached XP level 5. HP: 35/35 MP: 6/9
  2293 | D:3      | Reached skill level 5 in Summonings
  2413 | D:3      | Noticed a necrophage
  2428 | D:3      | Killed a necrophage
  2429 | D:3      | Reached XP level 6. HP: 39/41 MP: 2/11
  2651 | D:3      | Found a burning altar of Makhleb.
  3327 | D:4      | Reached XP level 7. HP: 46/46 MP: 9/12
  3378 | D:4      | Found Ymnaletz's Book Emporium.
  4117 | D:4      | Learned a level 2 spell: Call Imp
  4141 | D:5      | Entered Level 5 of the Dungeon
  4185 | D:5      | Reached skill level 6 in Summonings
  4343 | D:5      | Reached XP level 8. HP: 46/52 MP: 10/14
  4433 | D:5      | Reached skill level 5 in Spellcasting
  4860 | D:5      | Found a basalt altar of Yredelemnul.
  5007 | D:6      | Reached skill level 7 in Summonings
  6119 | D:6      | Reached skill level 5 in Maces & Flails
  6188 | D:6      | Reached XP level 9. HP: 51/57 MP: 18/18
  6357 | D:6      | Found a blossoming altar of Fedhas.
  7161 | D:7      | Reached skill level 8 in Summonings
  7318 | D:7      | Found a sacrificial altar of Ru.
  7337 | D:7      | Killed from afar by a steam dragon

Illustrated notes

Levels and vault maps discovered:
D:1:      minmay_arrival_checkered_box, layout_loops_ring, patterned_corridor
D:2:      layout_basic, shapermc_ecumenical_altar_starsandcircs, uniq_natasha
D:3:      layout_rooms, mainiacjoe_overflow_alcove_2
D:4:      layout_basic, serial_shops, shop, st_stairs_3, eino_tiny_chamber,
          grunt_ministairs_11, minivault_1
D:5:      layout_rooms, old_standard_altar
D:6:      layout_basic, fedhas_altar_3
D:7:      layout_cave_pools, nicolae_ru_sacrificial_ziggurat,
          nicolae_overflow_hidden_temple, minmay_temple_entry_trees

Skill      XL: |  1  2  3  4  5  6  7  8  9 |
---------------+----------------------------+-----
Maces & Flails | 1 2 3 4 5 |  5.4
Spellcasting   | 3 4 6 |  6.6
Summonings     | 5 6 7 8 |  8.0
Dodging        | |  2.6
Stealth        | |  2.1

Action                   |  1- 3 |  4- 6 |  7- 9 || total
-------------------------+-------+-------+-------++-------
Melee: Whip              |    71 |    75 |   142 ||   288
       Unarmed           |     2 |       |       ||     2
 Cast: Summon Small Mamm |    38 |     7 |     2 ||    47
       Call Canine Famil |     3 |    14 |    34 ||    51
       Call Imp          |       |       |    26 ||    26
  Use: Potion            |     1 |       |       ||     1
       Scroll            |       |     8 |     9 ||    17
 Stab: Sleeping          |     1 |     2 |       ||     3
       Distracted        |     1 |     1 |     5 ||     7
Armor: Robe              |    48 |    25 |    89 ||   162
Dodge: Dodged            |    72 |    35 |   112 ||   219

Table legend: (Time is in decaauts)
 A = Elapsed time spent in this place.
 B = Non-inter-level travel time spent in this place.
 C = Inter-level travel time spent in this place.
 D = Time resting spent in this place.
 E = Time spent auto-exploring this place.
 F = Levels seen in this place.
 G = Mean time per level.
                   A        B        C        D        E       F      G
               +--------+--------+--------+--------+--------+-----+--------+
         Total |   7323 |   7143 |    180 |   1861 |   3421 |   7 | 1046.1 |
       Dungeon |   7323 |   7143 |    180 |   1861 |   3421 |   7 | 1046.1 |
               +--------+--------+--------+--------+--------+-----+--------+

Top non-repeatable levels by time:
     D:6: 1774 daAuts
     D:1: 1501 daAuts
     D:4: 1193 daAuts
     D:5: 881 daAuts
     D:2: 776 daAuts
     D:3: 672 daAuts
     D:7: 524 daAuts
